 Dungeon Crawl Stone Soup version 0.30.1-1-g62c8e00024 (webtiles) character file.

Game seed: 16734412744125159509

80745 hilljack the Protected (level 15, -5/88 HPs)
             Began as a Gargoyle Earth Elementalist on May 24, 2023.
             Was a High Priest of Sif Muna.
             Killed by divine providence
             ... invoked by a smoke demon
             ... summoned by an obsidian statue
              (12 damage)
             ... in an ice cave on July 16, 2023.
             The game lasted 02:02:10 (29635 turns).

hilljack the Protected (GrEE)                      Turns: 29635, Time: 02:02:10

Health: -5/88      AC:  9    Str: 17    XL:     15   Next: 68%
Magic:  15/28      EV: 14    Int: 24    God:    Sif Muna [*****.]
Gold:   1979       SH:  0    Dex: 12    Spells: 14/32 levels left

rFire   . . .        a - +8 quick blade of Pestilence {flame, rPois rC+ Str+3}
rCold   + + .        (no shield)
rNeg    + . .        o - +1 ring mail of Inquiry {rF+ Slay+3}
rPois   ∞            (no helmet)
rElec   +            J - scarf "Kucviame" {repulsion, Drain Int+5}
rCorr   .            c - +1 pair of gloves
SInv    .            A - +2 pair of boots {Fly}
Will    +....        S - amulet of regeneration
Stlth   +++          u - ring of wizardry
HPRegen 1.14/turn    G - ring of ice
MPRegen 0.21/turn

%: repel missiles, wizardry (x1)
@: corroded, flying
A: sickness immunity, AC +11, big wings, negative energy resistance 1,
electricity resistance, torment resistance 1, petrification resistance
a: Renounce Religion, Channel Magic, Forget Spell, Divine Exegesis


You were in an ice cave.
You worshipped Sif Muna.
Sif Muna was extremely pleased with you.
You visited 4 branches of the dungeon, and saw 22 of its levels.
You also visited: Bailey, Gauntlet, Ice Cave and Volcano.

You collected 1979 gold pieces.

Inventory:

Hand Weapons
 a - the +8 quick blade of Pestilence (weapon) {flame, rPois rC+ Str+3}
   (You acquired it on level 9 of the Dungeon)

   Str:       It affects your strength (+3).
   rC:        It protects you from cold.
   rPois:     It protects you from poison.
Missiles
 d - 2 throwing nets
Armour
 c - a +1 pair of gloves (worn)
 o - the +1 ring mail of Inquiry (worn) {rF+ Slay+3}
   (You found it on level 13 of the Dungeon)

   Slay:      It affects your accuracy & damage with ranged weapons and melee
   (+3).
   rF:        It protects you from fire.
 A - a +2 pair of boots of flying (worn)
 C - a +2 robe of cold resistance
 J - the scarf "Kucviame" (worn) {repulsion, Drain Int+5}
   (You found it in a bailey)

   Int:       It affects your intelligence (+5).
   Drain:     It drains your maximum health when unequipped.
 M - the +3 hat of Pondering {ponderous, Will+ MP+10 Int+5}
   (You took it off Gastronok on level 2 of the Lair of Beasts)

   Int:       It affects your intelligence (+5).
   MP:        It affects your magic capacity (+10).
   Will:      It increases your willpower.
Magical Staves
 s - a staff of cold
Jewellery
 b - a ring of protection from cold
 j - a ring of positive energy
 q - a +6 ring of dexterity
 u - a ring of wizardry (left hand)
 B - a ring of see invisible
 F - a ring of magical power
 G - a ring of ice (right hand)
 S - an amulet of regeneration (around neck)
Wands
 E - a wand of flame (11)
 I - a wand of iceblast (15)
 K - a wand of digging (3)
 O - a wand of polymorph (12)
 R - a wand of charming (6)
 Y - a wand of mindburst (16)
Scrolls
 f - 3 scrolls of fog
 l - 3 scrolls of teleportation
 m - a scroll of poison
 x - 4 scrolls of amnesia
 z - 2 scrolls of torment
 D - 3 scrolls of immolation
 L - 4 scrolls of enchant armour
 N - a scroll of enchant weapon
 Q - a scroll of butterflies
 V - 6 scrolls of identify
 X - 3 scrolls of fear
Potions
 e - 4 potions of cancellation
 g - 9 potions of curing
 h - a potion of berserk rage
 k - a potion of might
 n - 7 potions of attraction
 p - 2 potions of invisibility
 v - 3 potions of resistance
 w - 5 potions of ambrosia
 W - 2 potions of haste
Miscellaneous
 P - a tin of tremorstones (2/2)


   Skills:
 - Level 8.0 Fighting
 - Level 8.7 Short Blades
 - Level 10.1 Armour
 - Level 10.0 Dodging
 - Level 8.0 Stealth
 - Level 9.1 Spellcasting
 - Level 3.5 Conjurations
 + Level 5.8 Hexes
 - Level 6.0 Transmutations
 + Level 9.8 Ice Magic
 - Level 8.0 Earth Magic
 - Level 8.3 Invocations


You had 14 spell levels left.
You knew the following spells:

 Your Spells              Type           Power      Damage    Failure   Level
a - Sandblast             Erth           98%        2d20      1%          1
b - Ensorcelled Hibernat  Hex/Ice        100%       N/A       1%          2
c - Stone Arrow           Conj/Erth      76%        3d11      1%          3
d - Petrify               Tmut/Erth      44%        N/A       2%          4
e - Blink                 Tloc           20%        N/A       6%          2
f - Passwall              Tmut/Erth      36%        N/A       1%          2
g - Leda's Liquefaction   Hex/Erth       22%        N/A       2%          4

Your spell library contained the following spells:

 Spells                   Type           Power      Damage    Failure   Level
 Foxfire                  Conj/Fire      76%        2x1d7     1%          1
 Magic Dart               Conj           100%       1d8       1%          1
 Searing Ray              Conj           54%        2d6       1%          2
 Confusing Touch          Hex            38%        N/A       1%          3
 Dazzling Flash           Conj/Hex       66%        N/A       1%          3
 Hailstorm                Conj/Ice       59%        3d13      1%          3
 Ozocubu's Armour         Ice            73%        N/A       1%          3
 Tukima's Dance           Hex            38%        N/A       1%          3
 Ice Form                 Ice/Tmut       65%        N/A       1%          4
 Static Discharge         Conj/Air       38%        2-4/arc   2%          2
 Portal Projectile        Hex/Tloc       48%        N/A       3%          3
 Spider Form              Tmut/Pois      25%        N/A       3%          3
 Ignite Poison            Fire/Tmut/Pois 20%        N/A       4%          3
 Metabolic Englaciation   Hex/Ice        32%        N/A       4%          5
 Lesser Beckoning         Tloc           20%        N/A       6%          2
 Fulminant Prism          Conj/Hex       16%        3d10      6%          4
 Animate Armour           Summ/Erth      60%        N/A       8%          4
 Blade Hands              Tmut           19%        N/A       9%          5
 Call Canine Familiar     Summ           10%        N/A       12%         3
 Gell's Gravitas          Tloc           10%        N/A       12%         3
 Teleport Other           Tloc           10%        N/A       12%         3
 Volatile Blastmotes      Fire/Tloc      20%        2d11      12%         3
 Anguish                  Hex/Necr       12%        N/A       12%         4
 Flame Wave               Conj/Fire      19%        2d7       17%         4
 Sticky Flame             Conj/Fire      19%        2d4       17%         4
 Summon Mana Viper        Hex/Summ       24%        N/A       30%         5
 Airstrike                Air            5%         2d(1-17)  34%         4
 Manifold Assault         Tloc           10%        N/A       34%         4
 Fireball                 Conj/Fire      9%         3d6       43%         5
 Iron Shot                Conj/Erth      19%        9d4       45%         6
 Ozocubu's Refrigeration  Ice            36%        4d15      45%         7
 Simulacrum               Ice/Necr       25%        N/A       56%         6
 Dragon Form              Tmut           19%        N/A       92%         7
 Haunt                    Necr/Summ      5%         N/A       100%        7
 Monstrous Menagerie      Summ           5%         N/A       100%        7
 Storm Form               Tmut/Air       12%        N/A       100%        7
 Summon Hydra             Summ           5%         N/A       100%        7
 Dragon's Call            Summ           5%         N/A       100%        9
 Fire Storm               Conj/Fire      9%         8d3       100%        9
 Cigotuvi's Dreadful Rot  Necr/Pois/Air  Unusable   N/A       N/A         2
 Statue Form              Tmut/Erth      Unusable   N/A       N/A         6

Dungeon Overview and Level Annotations

Branches:
Dungeon (14/15)            Temple (1/1) D:7            Lair (5/5) D:9
  Swamp (0/4) Lair:3       Spider (0/4) Lair:2        Slime (0/5) Lair:4
    Orc (2/2) D:9             Elf (0/3) Orc:2        Bailey (visited)
  IceCv (1/1)             Volcano (visited)         Gauntlet (visited)
 Vaults: D:13-14

Altars:
Ashenzari
Cheibriados
Dithmenos
Elyvilon
Fedhas
Gozag
Hepliaklqana
Kikubaaqudgha
Makhleb
Nemelex Xobeh
Okawaru
Qazlal
Ru
Sif Muna
Trog
Uskayaw
Vehumet
Wu Jian
Xom
Yredelemnul
Zin
The Shining One
Jiyva

Shops:
D:13 *   Orc:2 :**!

Portals:
Trove: D:13 (give horn of Geryon)

Annotations:
Lair:1 2 transporters, hawkwood's ghost, journeyman DgAr
Lair:5 2 transporters, Goih's ghost, journeyman MiHu
Orc:1 6 transporters, Nergalle IceCv exclusion: 2 obsidian statues


Innate Abilities, Weirdness & Mutations

You are immune to sickness and miasma.
Your stone body is resilient. (AC +11)
You are immune to poison.
Your large and strong wings let you fly.
You resist negative energy. (rN+)
You are resistant to electric shocks. (rElec)
You are resistant to unholy torment.
You are immune to petrification.


Message History

The helpless rust devil fails to defend itself.
You spit the rust devil like a pig!!!
The rust devil is almost dead.
You are engulfed in a cloud of scalding steam.
The helpless rust devil fails to defend itself.
You impale the rust devil!!
You kill the rust devil!
The rust devil disappears in a puff of smoke!
You are engulfed in a cloud of scalding steam.
The smoke demon gestures at you.
The sticky flame is repelled.
The dire elephant simulacrum is no longer petrified.
The smoke demon gestures at you. The ball of steam hits you!!
* * * LOW HITPOINT WARNING * * *
You feel much better.
You are engulfed in a cloud of scalding steam.
The smoke demon barely misses you. The smoke demon closely misses you.
The smoke demon hits you but does no damage.
Casting: Petrify (dangerous; 2% risk of failure)
Confirm with . or Enter, or press ? or * to list all spells.
Aiming: Petrify (dangerous; 2% risk of failure)
Press: ? - help, Shift-Dir - straight line, f/p - dire elephant simulacrum
Aim: a dire elephant simulacrum (steam, chance to affect: 68%)
The dire elephant simulacrum is moving more slowly.
You are engulfed in a cloud of scalding steam.
* * * LOW HITPOINT WARNING * * *
The smoke demon gestures at you. Something smites you!
* * * LOW HITPOINT WARNING * * *
The dire elephant simulacrum is engulfed in a cloud of scalding steam.
The dire elephant simulacrum tramples you.
* * * LOW HITPOINT WARNING * * *
You are shoved backwards!
Blink to where?
Press: ? - help, Dir - move target, p - dire elephant simulacrum
As you read the scroll of blinking, it crumbles to dust.
The smoke demon gestures at you. Something smites you!
You die...

#### ##.... #......
#........ ####
8.........
##..########.........
##....##..##@.........
#.....................
#..§∩3............⌠...
#....Z§.##............
##.§.§######..........
##.§## ##.........
#### #8.........
##......... ##........


You could see a smoke demon (summoned) and a dire elephant simulacrum
(petrifying).

Vanquished Creatures
  Gastronok (Lair:2)
  A stone giant (Volcano)
  A minotaur (Gauntlet)
  7 hydras
  A vault guard (D:13)
  Erolcha (D:11)
  Harold (Orc:1)
  A catoblepas (D:13)
  5 boulder beetles
  3 centaur warriors
  3 two-headed ogres (D:12)
  4 orc high priests
  Urug (Lair:1)
  Amaemon (Lair:2)
  2 glowing orange brains (Gauntlet)
  4 orc knights (Orc:2)
  2 bog bodies (Lair:3)
  A lindwurm (Lair:4)
  A deep elf pyromancer (D:14)
  5 ugly things
  2 manticores (D:12)
  4 orc sorcerers (Orc:2)
  5 cyclopes
  3 black mambas
  A rust devil (Gauntlet)
  An orange demon (Lair:2)
  2 molten gargoyles (Volcano)
  3 torpor snails
  An apocalypse crab (Gauntlet)
  A gargoyle (Bailey)
  15 cane toads
  4 rime drakes
  An unseen horror (D:11)
  2 ice devils (IceCv)
  A kobold demonologist (D:10)
  5 freezing wraiths
  An efreet (Volcano)
  8 komodo dragons
  An anaconda simulacrum (IceCv)
  4 trolls
  5 polar bears (Lair:5)
  9 hornets
  Prince Ribbit (D:5)
  7 blink frogs
  10 slime creatures
  12 spriggans (Lair:5)
  A ynoxinul (Gauntlet)
  11 wyverns
  3 shadows
  3 vampires
  A dire elephant simulacrum (IceCv)
  5 basilisks
  2 fire elementals (Volcano)
  57 yaks
  2 steam dragons
  4 humans (D:14)
  3 redbacks (Lair:2)
  2 fire bats (Volcano)
  A minotaur simulacrum (IceCv)
  A warg (Orc:1)
  11 vampire mosquitoes
  3 acid dragons
  Duvessa (D:7)
  13 water moccasins
  2 ice beasts
  19 orc warriors
  5 black bears
  2 sky beasts (D:8)
  6 boggarts
  4 ogres
  24 wolves (Lair:5)
  2 centaurs
  A phantom (D:9)
  2 kobold brigands
  A gnoll sergeant (D:9)
  3 scorpions
  11 bullfrogs
  2 earth elementals (Volcano)
  13 wights
  Dowan (D:7)
  A troll zombie (D:9)
  5 killer bees (D:9)
  An electric eel (Lair:1)
  9 vampire bats (Bailey)
  A howler monkey (D:7)
  8 wolf zombies (Bailey)
  4 lava snakes (Volcano)
  A jelly (D:6)
  A gnoll bouda (D:5)
  A hound (D:4)
  4 iron imps (Gauntlet)
  17 orc priests
  5 iguanas
  A sleepcap (D:5)
  22 hell rats
  26 orc wizards
  5 ogre zombies (D:9)
  15 gnolls
  4 adders
  A shadow imp (D:6)
  4 white imps
  2 ufetubi (D:5)
  A worm (D:3)
  5 dart slugs
  68 orcs
  7 bats
  6 endoplasms
  3 giant cockroaches
  10 goblins
  4 hobgoblins
  3 jackals (D:4)
  12 kobolds
  3 quokkas
  10 ball pythons
  4 frilled lizards
  3 goblin skeletons (D:9)
  4 goblin zombies (D:9)
  A hobgoblin zombie (D:9)
  2 orc skeletons (D:9)
  33 orc zombies
  6 rats
  A spectral orc (D:8)
701 creatures vanquished.

Vanquished Creatures (others)
  A centaur warrior (D:14)
  A tengu warrior (D:14)
  A troll (D:14)
  A quokka (D:6)
  A kobold (D:6)
5 creatures vanquished.

Grand Total: 706 creatures vanquished

Notes
Turn   | Place    | Note
-------+----------+-------------------------------------------
     0 | D:1      | hilljack the Gargoyle Earth Elementalist began the quest
                  | for the Orb.
     0 | D:1      | Reached XP level 1. HP: 10/10 MP: 3/3
   104 | D:1      | Reached XP level 2. HP: 3/15 MP: 0/5
   367 | D:1      | Reached XP level 3. HP: 19/19 MP: 4/6
  1418 | D:2      | Reached XP level 4. HP: 24/24 MP: 6/8
  1925 | D:2      | Learned a level 2 spell: Passwall
  2153 | D:3      | Reached skill level 5 in Earth Magic
  2300 | D:3      | Reached XP level 5. HP: 28/28 MP: 7/10
  2381 | D:3      | a hobgoblin changed into a glowing shapeshifter
  2381 | D:3      | Noticed a glowing shapeshifter (glowing shapeshifter)
  2381 | D:3      | a glowing shapeshifter changed into a skyshark
  2381 | D:3      | Noticed a skyshark (glowing shapeshifter)
  2382 | D:3      | a skyshark changed into a moth of wrath
  2382 | D:3      | Noticed a moth of wrath (glowing shapeshifter)
  2383 | D:3      | a moth of wrath changed into a fire crab
  2383 | D:3      | Noticed a fire crab (glowing shapeshifter)
  2386 | D:3      | Banished a fire crab
  2387 | D:3      | Reached skill level 5 in Spellcasting
  2387 | D:3      | Reached XP level 6. HP: 10/32 MP: 2/14
  2387 | D:3      | Reached XP level 7. HP: 11/36 MP: 2/15
  2585 | D:3      | Learned a level 3 spell: Stone Arrow
  2590 | D:3      | Learned a level 4 spell: Petrify
  2636 | D:3      | Identified the +0 scale mail of Mahas {Slay+5}
  2689 | D:3      | Identified a scroll of acquirement
  2690 | D:3      | Acquired a +1 rapier of speed
  2764 | D:3      | Reached skill level 1 in Transmutations
  3158 | D:4      | Reached XP level 8. HP: 41/41 MP: 9/16
  3914 | D:5      | Entered Level 5 of the Dungeon
  4802 | D:6      | Noticed a wyvern
  4806 | D:6      | Killed a wyvern
  4902 | D:6      | Reached XP level 9. HP: 42/45 MP: 15/20
  4903 | D:6      | Noticed Prince Ribbit
  4955 | D:5      | Killed Prince Ribbit
  5037 | D:6      | Found a white marble altar of Elyvilon.
  5061 | D:6      | Reached skill level 5 in Transmutations
  5759 | D:7      | Noticed Duvessa
  5759 | D:7      | Noticed Dowan
  5774 | D:7      | Killed Duvessa
  5895 | D:7      | Reached skill level 1 in Fighting
  6077 | D:7      | Reached skill level 1 in Short Blades
  6441 | D:7      | Killed Dowan
  6500 | D:7      | Found a staircase to the Ecumenical Temple.
  6517 | Temple   | Entered the Ecumenical Temple
  6583 | Temple   | Became a worshipper of Sif Muna the Loreminder
  6593 | D:7      | Reached XP level 10. HP: 45/56 MP: 20/22
  7615 | D:8      | Reached skill level 5 in Fighting
  7624 | D:8      | Found a flagged portal.
  7694 | Bailey   | Entered a bailey
  7754 | Bailey   | Reached * piety under Sif Muna
  7978 | Bailey   | Reached skill level 5 in Short Blades
  8081 | Bailey   | Noticed a gargoyle
  8098 | Bailey   | Reached ** piety under Sif Muna
  8265 | Bailey   | Killed a gargoyle
  8463 | Bailey   | Identified the scarf "Kucviame" {repulsion, Drain Int+5}
  8954 | D:8      | Found a basalt altar of Yredelemnul.
 10094 | D:9      | Found a staircase to the Orcish Mines.
 10099 | D:9      | Reached XP level 11. HP: 68/68 MP: 19/23
 10153 | D:9      | Acquired the +8 quick blade of Pestilence {flame, rPois rC+
                  | Str+3}
 10172 | D:9      | Reached *** piety under Sif Muna
 10341 | D:9      | Noticed a boulder beetle
 10356 | D:9      | Killed a boulder beetle
 10379 | D:9      | Found an ornate altar of the Wu Jian Council.
 10428 | D:9      | Found a staircase to the Lair.
 10956 | D:10     | Entered Level 10 of the Dungeon
 11049 | D:10     | Found a glowing golden altar of the Shining One.
 11293 | D:10     | Reached skill level 1 in Invocations
 11563 | D:10     | Found a shimmering altar of Xom.
 11566 | D:10     | Found a shimmering altar of Xom.
 11567 | D:10     | Found a shimmering altar of Xom.
 11570 | D:10     | Found a shimmering altar of Xom.
 11572 | D:10     | Found a shimmering altar of Xom.
 11573 | D:10     | Found a shimmering altar of Xom.
 11573 | D:10     | Found a shimmering altar of Xom.
 11573 | D:10     | Found a shimmering altar of Xom.
 12361 | D:10     | Reached **** piety under Sif Muna
 12369 | D:10     | Reached skill level 5 in Stealth
 13222 | D:10     | Learned a level 2 spell: Blink
 13225 | D:10     | Learned a level 2 spell: Ensorcelled Hibernation
 13230 | D:10     | Learned a level 4 spell: Leda's Liquefaction
 13347 | Lair:1   | Entered Level 1 of the Lair of Beasts
 13438 | Lair:1   | Found a transporter.
 13445 | Lair:1   | Noticed hawkwood's ghost (journeyman DgAr)
 13500 | Lair:1   | Noticed Urug
 13514 | Lair:1   | Killed Urug
 13756 | Lair:1   | Reached skill level 5 in Invocations
 13801 | Lair:1   | Reached XP level 12. HP: 70/73 MP: 11/24
 14284 | Lair:1   | Found a transporter.
 14571 | Lair:2   | Noticed a four-headed hydra
 14589 | Lair:1   | Killed a four-headed hydra
 14709 | Lair:2   | Found a hole to the Spider Nest.
 14857 | Lair:2   | Noticed Gastronok
 14876 | Lair:2   | Killed Gastronok
 14885 | Lair:2   | Found a gate leading to a gauntlet.
 14951 | Gauntlet | Entered a Gauntlet
 14951 | Gauntlet | Found a transporter.
 14951 | Gauntlet | Found a transporter.
 15041 | Gauntlet | Found a transporter.
 15041 | Gauntlet | Found a transporter.
 15050 | Gauntlet | Found a transporter.
 15069 | Gauntlet | Found a transporter.
 15079 | Gauntlet | Found a transporter.
 15079 | Gauntlet | Found a transporter.
 15083 | Gauntlet | Found a transporter.
 15110 | Gauntlet | Found a transporter.
 15117 | Gauntlet | Found a transporter.
 15135 | Gauntlet | Found a transporter.
 15181 | Gauntlet | Found a transporter.
 15197 | Gauntlet | Found a transporter.
 15298 | Gauntlet | Found a transporter.
 15314 | Gauntlet | Found a transporter.
 15572 | Gauntlet | Reached skill level 1 in Conjurations
 15574 | Gauntlet | Reached skill level 1 in Ice Magic
 15801 | Gauntlet | Identified the +0 pair of gloves of Dim Light {-Cast Will+
                  | Dex+4 Stlth+}
 15940 | Gauntlet | Got the Enchiridion on Attendants
 15948 | Gauntlet | Noticed a minotaur
 15961 | Gauntlet | Killed a minotaur
 16086 | Gauntlet | Identified the +0 scale mail of Hubris {rF+ Will+ Str+2}
 16087 | Gauntlet | Got the Precepts of Enchantment
 16402 | Lair:2   | Noticed Amaemon
 16415 | Lair:2   | Killed Amaemon
 16416 | Lair:2   | Reached skill level 1 in Armour
 16883 | Lair:3   | Found a dark tunnel.
 16893 | Volcano  | Entered a volcano
 16945 | Volcano  | Found a radiant altar of Vehumet.
 16960 | Volcano  | Reached XP level 13. HP: 39/78 MP: 23/26
 17101 | Volcano  | Noticed a stone giant
 17226 | Volcano  | Killed a stone giant
 17777 | Lair:3   | Reached skill level 5 in Armour
 18105 | Lair:3   | Reached ***** piety under Sif Muna
 18133 | Lair:3   | Reached skill level 5 in Dodging
 18134 | Lair:3   | Received a gift from Sif Muna
 18164 | Lair:3   | Got Sif Muna's Excursus on Stony Battling {god gift}
 18562 | Lair:3   | Found a staircase to the Swamp.
 19890 | Lair:4   | Found a viscous altar of Jiyva.
 19896 | Lair:4   | Found a staircase to the Slime Pits.
 20099 | Lair:5   | Entered Level 5 of the Lair of Beasts
 20115 | Lair:5   | Found a transporter.
 20284 | Lair:5   | Found a transporter.
 20707 | Lair:5   | Gained mutation: Your large and strong wings let you fly.
                  | [Gargoyle growth]
 20707 | Lair:5   | Reached XP level 14. HP: 80/84 MP: 27/27
 20842 | Lair:5   | Noticed Goih's ghost (journeyman MiHu)
 21293 | Lair:5   | Reached skill level 10 in Armour
 21483 | Lair:5   | Received a gift from Sif Muna
 21484 | Lair:5   | Got Sif Muna's Writings on Cryomancy and Ozone {god gift}
 22307 | Lair:5   | Reached skill level 5 in Ice Magic
 22335 | Lair:5   | Got the Compilation of the Panacea
 22746 | Lair:5   | Upgraded the game from 0.30.0-18-gc0e69614cb to
                  | 0.30.0-19-g36f170ea60
 22997 | D:11     | Noticed Erolcha
 23009 | D:11     | Killed Erolcha
 24233 | D:12     | Received a gift from Sif Muna
 24239 | D:12     | Got Sif Muna's Book of Attendants and the Compass {god
                  | gift}
 24600 | D:12     | Upgraded the game from 0.30.0-19-g36f170ea60 to
                  | 0.30.1-1-g62c8e00024
 24614 | D:13     | Reached XP level 15. HP: 83/88 MP: 28/28
 24734 | D:13     | Reached skill level 1 in Hexes
 24859 | D:13     | Found Nini Yxtavag's Blood Bar.
 24976 | D:13     | Reached skill level 10 in Dodging
 25212 | D:13     | Identified the +1 ring mail of Inquiry {rF+ Slay+3}
 25405 | D:13     | Found a portal to a secret trove of treasure.
 25757 | Orc:1    | Entered Level 1 of the Orcish Mines
 25929 | Orc:1    | Noticed Harold
 25986 | Orc:1    | Killed Harold
 26161 | Orc:1    | Found a transporter.
 26164 | Orc:1    | Found a transporter.
 26165 | Orc:1    | Found a transporter.
 26171 | Orc:1    | Found a sparkling altar of Nemelex Xobeh.
 26171 | Orc:1    | Noticed a juggernaut
 26175 | Orc:1    | Found a transporter.
 26175 | Orc:1    | Found a transporter.
 26181 | Orc:1    | Found a transporter.
 26397 | Orc:2    | Entered Level 2 of the Orcish Mines
 26418 | Orc:2    | Found a staircase to the Elven Halls.
 26785 | Orc:1    | Noticed Nergalle
 28158 | Orc:2    | Found Vudd's Assorted Antiques.
 28158 | Orc:2    | Found Herawotsusch's Book Shop.
 28159 | Orc:2    | Found Udiluwou's Distillery.
 28159 | Orc:2    | Found Qyep's General Store.
 28616 | D:14     | Reached skill level 5 in Hexes
 28759 | D:14     | Found an opulent altar of Gozag.
 28876 | D:14     | Received a gift from Sif Muna
 28901 | D:14     | Got the Thoughts on Fever
 28918 | D:14     | Got Ywnar's Monograph on Charms and Transfiguration {god
                  | gift}
 29024 | D:14     | Found a frozen archway.
 29111 | IceCv    | Entered an ice cave
 29635 | IceCv    | Killed from afar by a smoke demon

Illustrated notes

Levels and vault maps discovered:
D:1:      heliophobic_arrival_dark_side_of_the_moon, layout_basic
D:2:      layout_basic, st_stairs_14
D:3:      layout_rooms
D:4:      layout_basic
D:5:      layout_cave_pods, kennysheep_cross_bottleneck, chequers_arboretum
D:6:      layout_cave_pools, elyvilon_altar_4, uniq_prince_ribbit1
D:7:      layout_basic, temple_fountains, uniq_duvessa
D:8:      layout_basic, yredelemnul_forgotten_temple_becter, serial_rivers,
          chequers_serial_rivers_small_3, chequers_serial_rivers_small_b,
          chequers_serial_rivers_micro_b, chequers_serial_rivers_small_b,
          chequers_serial_rivers_small_b, enter_bailey_5
D:9:      layout_basic, nicolae_wu_jian_immortal_techniques, lair_entry_dummy,
          zombieorc1_lemuel, nzn_sisyphean_effort
D:10:     layout_layer_cave, xom_redecorated,
          mainiacjoe_overflow_concentric_impassable
D:11:     layout_irregular_city, uniq_erolcha
D:12:     layout_roguey
D:13:     layout_roguey, enter_trove_5, guppyfry_shop_blood
D:14:     layout_basic, grunt_vaults_entry_tiered, nicolae_gozag_seed_capital,
          portal_ice_cave_entry_frozen_things, lemuel_flamethrower_hall
Temple:   sentei_temple_godly_chess
Lair:1:   layout_roguey, gammafunk_ghost_arena, infiniplex_staircase_pool,
          serial_bayou_shore_b, uniq_urug
Lair:2:   layout_roguey, spider_nest_entry_webs, gauntlet_entry_generic,
          grunt_megastairs_2, serial_bayou_shore_a, uniq_amaemon, uniq_gastronok
Lair:3:   layout_chaotic_city, skrybe_swamp_entry_bodies,
          nicolae_volcano_entry_lava_flow, grunt_forest_small_clearings,
          beast_lair_carwin_8
Lair:4:   layout_concentric_octagons, dpeg_slime_entry_corner
Lair:5:   minmay_lair_end_enchanted_forest, layout_gridlike, nzn_ghost_randoct,
          st_stairs_12, grunt_megastairs_3
Orc:1:    layout_diamond_mine, hellmonk_jugg_or_not, uniq_nergalle, uniq_harold
Orc:2:    st_orc_elflike, layout_caves, basic_altar
IceCv:    ice_cave_tombish

Skill      XL: |  1  2  3  4  5  6  7  8  9 10 11 12 13 14 15 |
---------------+----------------------------------------------+-----
Earth Magic    | 4 5 8 |  8.0
Spellcasting   | 3 5 7 8 9 |  9.1
Transmutations | 1 4 6 |  6.0
Fighting       | 3 7 8 |  8.0
Short Blades   | 2 6 8 |  8.7
Invocations    | 5 8 |  8.3
Stealth        | 6 8 |  8.0
Conjurations   | 3 |  3.5
Ice Magic      | 3 7 9 |  9.8
Armour         | 3 9 10 | 10.1
Dodging        | 3 7 9 10 | 10.0
Hexes          | 5 |  5.8

Action                     |  1- 3 |  4- 6 |  7- 9 | 10-12 | 13-15 || total
---------------------------+-------+-------+-------+-------+-------++-------
  Melee: Unarmed           |     3 |       |       |       |       ||     3
         Dagger            |     1 |    19 |    11 |    95 |       ||   126
         Rapier            |       |       |    52 |       |       ||    52
         Punch             |       |       |       |    11 |    32 ||    43
         Quick blade       |       |       |       |   401 |  1479 ||  1880
         Long sword        |       |       |       |       |     8 ||     8
   Cast: Sandblast         |    46 |    34 |   144 |   234 |   140 ||   598
         Petrify           |       |       |     3 |    69 |   136 ||   208
         Stone Arrow       |       |       |       |    56 |    36 ||    92
         Ensorcelled Hiber |       |       |       |       |    41 ||    41
         Leda's Liquefacti |       |       |       |       |     1 ||     1
  Evoke: Wand              |       |       |     2 |     3 |     2 ||     7
    Use: Scroll            |     2 |     8 |    10 |    12 |     8 ||    40
         Potion            |     1 |     4 |       |     6 |     3 ||    14
   Stab: Sleeping          |     1 |       |       |     9 |    33 ||    43
         Petrified         |       |       |     5 |    32 |    78 ||   115
         Petrifying        |       |       |       |    37 |    70 ||   107
         Distracted        |       |       |       |       |     2 ||     2
 Armour: Robe              |    17 |     9 |       |       |       ||    26
         Scale mail        |       |       |    74 |       |   205 ||   279
         Skin              |       |       |     2 |       |       ||     2
         Steam dragon scal |       |       |     5 |   202 |    89 ||   296
         Ring mail         |       |       |       |       |   145 ||   145
  Dodge: Dodged            |    17 |    16 |    86 |   280 |   757 ||  1156
         Repelled          |       |       |       |       |     9 ||     9
